 Dungeon Crawl Stone Soup version 0.30-a0-777-ga9a30cbeda (webtiles) character file.

Game seed: 11736268208695073215

27 wolong the Ruffian (level 2, 0/23 HPs)
             Began as a Draconian Transmuter on Feb 14, 2023.
             Succumbed to an adder's poison
             ... on level 2 of the Dungeon.
             The game lasted 00:17:30 (1631 turns).

wolong the Ruffian (Draconian Transmuter)           Turns: 1631, Time: 00:17:31

Health: 0/23       AC:  4    Str: 12    XL:     2   Next: 93%
Magic:  5/5        EV: 10    Int: 13    God:
Gold:   54         SH:  6    Dex: 11    Spells: 4/5 levels left

rFire   . . .      SeeInvis .    j - +0 sling
rCold   . . .      Faith    .    i - +0 kite shield
rNeg    . . .      Spirit   .    (body armour unavailable)
rPois   .          Reflect  .    (helmet restricted)
rElec   .          Harm     .    (no cloak)
rCorr   .          Rampage  .    (no gloves)
Will    .....                    (no boots)
Stlth   +                        (no amulet)
HPRegen 0.23/turn                (no ring)
MPRegen 0.09/turn                (no ring)

@: lethally poisoned (0 -> -8)
A: AC +4, unfitting armour, cold-blooded
a: no special abilities


You were on level 2 of the Dungeon.
You visited 1 branch of the dungeon, and saw 2 of its levels.

You collected 54 gold pieces.

Inventory:

Hand Weapons
 f - a +0 club
 g - a +0 short sword
 h - a +0 dagger
 j - a +0 sling (weapon)
Armour
 i - a +0 kite shield (worn)
Scrolls
 b - 3 scrolls of identify {unknown}
 c - a scroll of blinking {unknown}
 d - 2 scrolls of noise {unknown}
Potions
 a - a potion of lignification
 e - a potion of berserk rage {unknown}


   Skills:
 + Level 1.1 Fighting
 + Level 2.1 Dodging
 + Level 3.7 Unarmed Combat
 + Level 2.1 Spellcasting
 + Level 2.1 Transmutations


You had 4 spell levels left.
You knew the following spells:

 Your Spells              Type           Power      Damage    Failure   Level
a - Beastly Appendage     Tmut           12%        N/A       36%         1

Your spell library contained the following spells:

 Spells                   Type           Power      Damage    Failure   Level
 Wereblood                Tmut           6%         N/A       52%         2
 Spider Form              Tmut/Pois      4%         N/A       87%         3
 Ice Form                 Ice/Tmut       4%         N/A       99%         4


Dungeon Overview and Level Annotations

Branches:
Dungeon (2/15)

Altars:

Annotations:
D:1 1 exclusion


Innate Abilities, Weirdness & Mutations

Your plain brown scales are hard. (AC +4)
You cannot fit into any form of body armour.
You are cold-blooded and may be slowed by cold attacks.


Message History

You kill the endoplasm!
A rat comes into view.
The rat moves out of view.
An adder comes into view.
A giant cockroach and a jackal come into view.
The rat bites you but does no damage. The rat attacks as you move away!
You block the rat's attack. The rat attacks as you move away!
The rat barely misses you. The rat attacks as you move away!
You block the rat's attack.
You shoot a sling bullet.
The sling bullet closely misses the rat.
The sling bullet hits the adder.
The adder is lightly wounded.
You block the rat's attack.
You shoot a sling bullet. The sling bullet hits the rat.
You kill the rat!
The adder bites you. The adder barely misses you.
You shoot a sling bullet. The sling bullet hits the adder.
The adder is heavily wounded.
The adder bites you.
You are poisoned.
The adder poisons you! The adder bites you.
You are more poisoned.
The adder poisons you!
You shoot a sling bullet. The sling bullet misses the adder.
You feel very sick. You block the adder's attack.
The adder bites you but does no damage.
You shoot a sling bullet.
The sling bullet barely misses the adder.
You feel very sick. The adder closely misses you. The adder barely misses you.
You shoot a sling bullet. The sling bullet hits the adder.
The adder is severely wounded.
You feel sick. The adder bites you but does no damage. The adder bites you.
* * * LOW HITPOINT WARNING * * *
You are more poisoned.
The adder poisons you!
* * * LOW HITPOINT WARNING * * *
You feel sick. The adder bites you but does no damage.
You die...

..# #.#
#....# #.#
#.# #.####
..# #.#
#.# #.#
### #.#
#.#####
#.....#
#####.#
#@## #..#
##S# #.#
#.## .
#..# h..
##.##.B...
#........
####.....


You could see an adder.

Vanquished Creatures
  A dart slug (D:2)
  A ball python (D:1)
  A bat (D:1)
  4 endoplasms
  A giant cockroach (D:1)
  A hobgoblin (D:1)
  3 jackals (D:1)
  3 kobolds (D:1)
  A quokka (D:1)
  5 frilled lizards (D:1)
  A goblin (D:1)
  A rat (D:2)
23 creatures vanquished.

Vanquished Creatures (others)
  3 fungi (D:2)
3 creatures vanquished.

Grand Total: 26 creatures vanquished

Notes
Turn   | Place    | Note
-------+----------+-------------------------------------------
     0 | D:1      | wolong the Draconian Transmuter began the quest for the
                  | Orb.
     0 | D:1      | Reached XP level 1. HP: 16/16 MP: 3/3
   157 | D:1      | Reached XP level 2. HP: 21/23 MP: 3/5
  1631 | D:2      | Succumbed to an adder's poison

Illustrated notes

Levels and vault maps discovered:
D:1:      dpeg_arrival_pond, layout_loops_ring
D:2:      layout_basic, dreamdust_ecumenical_altar_hidden_monk_grotto,
          minmay_lizard_king

Skill      XL: |  1  2 |
---------------+-------+-----
Dodging        | 2 |  2.1
Fighting       | |  1.1
Unarmed Combat | |  3.7
Spellcasting   | |  2.1
Transmutations | |  2.1

Action                     || total
---------------------------++-------
  Melee: Unarmed           ||    72
         Tailslap          ||     6
         Headbutt          ||     1
         Short sword       ||    14
         Club              ||    10
         Dagger            ||     3
         Kick              ||     1
   Fire: Sling             ||    12
   Cast: Beastly Appendage ||     6
 Armour: Skin              ||    34
  Dodge: Dodged            ||    64
  Block: Kite shield       ||     7

Table legend: (Time is in decaauts)
 A = Elapsed time spent in this place.
 B = Non-inter-level travel time spent in this place.
 C = Inter-level travel time spent in this place.
 D = Time resting spent in this place.
 E = Time spent auto-exploring this place.
 F = Levels seen in this place.
 G = Mean time per level.
                   A        B        C        D        E       F      G
               +--------+--------+--------+--------+--------+-----+--------+
         Total |   1635 |   1496 |    139 |      0 |    135 |   2 |  817.5 |
       Dungeon |   1635 |   1496 |    139 |      0 |    135 |   2 |  817.5 |
               +--------+--------+--------+--------+--------+-----+--------+

Top non-repeatable levels by time:
     D:1: 1522 daAuts
     D:2: 112 daAuts
